 Dungeon Crawl Stone Soup version 0.27.1-33-g824d729ab1 (webtiles) character file.

Game seed: 12495219035753060231

55 jlumianski the Bolt Thrower (level 4, -1/27 HPs)
             Began as a Kobold Hunter on Dec 26, 2021.
             Was a Believer of Vehumet.
             Killed from afar by Ijyb (26 damage)
             ... with a bolt of acid
             ... on level 2 of the Dungeon.
             The game lasted 00:17:28 (2753 turns).

jlumianski the Bolt Thrower (Kobold Hunter)         Turns: 2753, Time: 00:17:28

Health: -1/27      AC:  0    Str:  9    XL:     4   Next: 14%
Magic:  1/4        EV: 14    Int: 13    God:    Vehumet [**....]
Gold:   140        SH:  0    Dex: 15    Spells: 0/3 levels left

rFire    . . .     SeeInvis .   o - +2 dagger (pain)
rCold    . . .     Faith    .   (shield restricted)
rNeg     . . .     Spirit   .   c - +0 leather armour
rPois    .         Reflect  .   (no helmet)
rElec    .         Harm     .   (no cloak)
rCorr    .         Rampage  .   (no gloves)
Will     .....                  (no boots)
Stlth    +++.......             (no amulet)
HPRegen  0.09/turn              (no ring)
MPRegen  0.09/turn              (no ring)

@: corroded, very slightly contaminated
A: small, no large weapons, nightstalker 3
a: Renounce Religion


You were on level 2 of the Dungeon.
You worshipped Vehumet.
Vehumet was pleased with you.
You visited 1 branch of the dungeon, and saw 3 of its levels.

You collected 140 gold pieces.

Inventory:

Hand Weapons
 a - a +1 hand crossbow
 b - a +0 short sword
 l - a +3 mace
 m - a +0 hunting sling
 o - a +2 dagger of pain (weapon)
Missiles
 d - 76 bolts
 j - 6 boomerangs (quivered)
Armour
 c - a +0 leather armour (worn)
 f - a +2 kite shield
Potions
 g - 2 potions of curing
 q - a potion of berserk rage


   Skills:
 + Level 2.4 Fighting
 + Level 1.0 Short Blades
 + Level 5.3 Crossbows
 + Level 0.3 Armour
 + Level 3.0 Dodging
 + Level 1.9 Stealth
 + Level 0.1 Spellcasting
 + Level 1.4 Summonings


You couldn't memorise any spells.
You knew the following spells:

 Your Spells              Type           Power      Damage    Failure   Level
a - Sandblast             Erth           0%         2d4       38%         1
b - Summon Small Mammal   Summ           12%        N/A       24%         1
c - Foxfire               Conj/Fire      0%         2x1d4     38%         1

Your spell library contained the following spells:

 Spells                   Type           Power      Damage    Failure   Level
 Call Canine Familiar     Summ           3%         N/A       56%         3
 Summon Guardian Golem    Hex/Summ       1%         N/A       67%         3


Dungeon Overview and Level Annotations

Branches:
Dungeon (3/15)

Altars:
Vehumet

Annotations:
D:2 Ijyb


Innate Abilities, Weirdness & Mutations

You are small and have problems with some larger weapons.
You are completely attuned to the shadows.


Message History

You are very lightly contaminated with residual magic.
Nothing appears to happen.
You hear a shout!
The bat barely misses you. Ijyb hits you with a +0 club.
You hit Ijyb but do no damage. The bat hits you. The bat barely misses you.
You hit Ijyb but do no damage. The bat hits you.
Your rat bites the bat.
Ijyb closely misses you. The bat closely misses your rat.
You hit Ijyb.
Ijyb is lightly wounded.
The bat hits your rat but does no damage.
Your rat barely misses the bat.
Ijyb closely misses you.
A kobold comes into view. It is wielding a +0 dagger.
You hit Ijyb but do no damage.
Ijyb is lightly wounded.
The bat closely misses your rat.
Ijyb zaps a wand.
The bolt of acid misses you. The bat barely misses your rat.
Casting: Foxfire (safe; 38% risk of failure)
Confirm with . or Enter, or press ? or * to list all spells.
You don't have any stones to cast with.
Casting: Sandblast (safe; 38% risk of failure)
Confirm with . or Enter, or press ? or * to list all spells.
You miscast Foxfire.
Nothing appears to happen.
The bat hits your rat. Ijyb closely misses you.
You hit Ijyb but do no damage.
Ijyb is lightly wounded.
The bat hits your rat.
Your rat barely misses Ijyb.
Ijyb completely misses you.
You barely miss Ijyb.
Ijyb is lightly wounded.
Your rat bites Ijyb but does no damage.
Ijyb barely misses you. The bat closely misses your rat. The bat hits your rat.
Your rat dies!
Your rat's corpse disappears in a puff of smoke!
Ijyb screams, "It's all mine!"
Ijyb zaps a wand.
The bolt of acid hits the kobold!!
The kobold is splashed with acid.
The acid corrodes the kobold!
The kobold dies!
The bolt of acid hits you!!
Ouch! That really hurt!
You die...

#+#+#.#..#.#.#.#.##.#.#
......##.#.#.#...#..#.#
...........#.......##.#
....................#.#
.....#######.##...b^#.#
.....'....†..###.§..#.#
.....######### #>g....#
...### ########)....##
....# #.....).@....#
###'### #............#
#≈≈≈≈≈# #..........[.#
#≈≈≈≈≈# #............#
#≈≈≈≈≈###............
#≈≈≈≈≈#............
###'###.####....
#.....# ### #######


You could see Ijyb and a bat.

Vanquished Creatures
  2 adders (D:2)
  A worm (D:2)
  4 bats
  3 endoplasms (D:1)
  3 giant cockroaches
  2 goblins
  3 hobgoblins
  4 jackals (D:1)
  A ball python (D:2)
  2 frilled lizards
  4 kobolds
  A rat (D:2)
30 creatures vanquished.

Vanquished Creatures (collateral kills)
  An endoplasm (D:2)
  2 kobolds (D:2)
3 creatures vanquished.

Vanquished Creatures (others)
  A kobold (D:2)
  3 foxfires (D:2)
4 creatures vanquished.

Grand Total: 37 creatures vanquished

Notes
Turn   | Place    | Note
-------+----------+-------------------------------------------
     0 | D:1      | jlumianski the Kobold Hunter began the quest for the Orb.
     0 | D:1      | Reached XP level 1. HP: 12/12 MP: 1/1
    76 | D:1      | Reached skill level 5 in Crossbows
   187 | D:1      | Reached XP level 2. HP: 5/17 MP: 2/2
   457 | D:1      | Found a faded altar of an unknown god.
   457 | D:1      | Noticed a shining eye
   457 | D:1      | Noticed a floating eye
   468 | D:1      | Noticed a shining eye
   468 | D:1      | Noticed a floating eye
   471 | D:1      | Became a worshipper of Vehumet
   471 | D:1      | Reached * piety under Vehumet
   471 | D:1      | Offered knowledge of Sandblast by Vehumet.
   474 | D:1      | Learned a level 1 spell: Sandblast
  1238 | D:1      | Reached XP level 3. HP: 18/22 MP: 3/3
  1383 | D:2      | Learned a level 1 spell: Summon Small Mammal
  2110 | D:2      | Reached skill level 1 in Short Blades
  2195 | D:2      | Reached ** piety under Vehumet
  2244 | D:2      | Offered knowledge of Foxfire by Vehumet.
  2245 | D:2      | Reached skill level 1 in Summonings
  2245 | D:2      | Reached XP level 4. HP: 19/27 MP: 2/4
  2247 | D:2      | Learned a level 1 spell: Foxfire
  2735 | D:3      | Noticed Ijyb
  2736 | D:3      | Noticed a centaur
  2753 | D:2      | Killed from afar by Ijyb

Illustrated notes

Levels and vault maps discovered:
D:1:      wheals_arrival_shading, layout_rooms,
          hellmonk_ecumenical_altar_watching_god, nrook_mini_backslash
D:2:      layout_basic, chequers_serial_rivers_room_b, hangedman_decor_growths
D:3:      layout_basic, uniq_ijyb

Skill      XL: |  1  2  3 |
---------------+----------+-----
Crossbows      | 5 |  5.3
Dodging        | 3 |  3.0
Short Blades   | 1 |  1.0
Summonings     | 1 |  1.4
Fighting       | |  2.4
Armour         | |  0.3
Stealth        | |  1.9
Spellcasting   | |  0.1

Action                   |  1- 3 |  4- 6 || total
-------------------------+-------+-------++-------
Melee: Short sword       |    99 |       ||    99
       Dagger            |     9 |    15 ||    24
 Fire: Hand crossbow     |    28 |       ||    28
 Cast: Summon Small Mamm |    16 |     7 ||    23
       Foxfire           |       |     2 ||     2
  Use: Scroll            |       |     6 ||     6
       Potion            |       |     2 ||     2
 Stab: Sleeping          |     5 |     1 ||     6
Armor: Leather armour    |    22 |     1 ||    23
Dodge: Dodged            |   101 |    26 ||   127
